 Dungeon Crawl Stone Soup version 0.21.1-1-g345015f (webtiles) character file.

34 letownia3 the Conjurer (level 3, -3/24 HPs)
             Began as a Demonspawn Wizard on Feb 6, 2018.
             Slain by an ogre
             ... wielding a +0 giant club
              (27 damage)
             ... on level 3 of the Dungeon.
             The game lasted 00:02:24 (1095 turns).

letownia3 the Conjurer (Demonspawn Wizard)          Turns: 1095, Time: 00:02:25

Health: -3/24      AC:  5    Str:  8    XL:     3   Next: 14%
Magic:  0/7        EV: 11    Int: 19    God:
Gold:   89         SH:  0    Dex: 11    Spells: 1/8 levels left

rFire    . . .     SeeInvis .   e - +0 dagger
rCold    . . .     Gourm    .   (no shield)
rNeg     . . .     Faith    .   k - +0 leather armour (curse)
rPois    .         Spirit   .   b - +0 hat
rElec    .         Reflect  .   (no cloak)
rCorr    .         Harm     .   (no gloves)
MR       .....                  (no boots)
Stlth    +.........             (no amulet)
HPRegen  0.08/turn              (no ring)
MPRegen  0.10/turn              (no ring)

@: very slightly contaminated
A: claws 1, yellow scales 1
a: no special abilities


You were on level 3 of the Dungeon.
You were hungry.

You visited 1 branch of the dungeon, and saw 3 of its levels.

You collected 89 gold pieces.

Inventory:

Hand Weapons
 e - a +0 dagger (weapon)
Armour
 a - a +0 robe
 b - a +0 hat (worn)
 k - a cursed +0 leather armour (worn)
Scrolls
 f - a scroll of amnesia {unknown}
 g - 5 scrolls of identify {unknown}
 h - 4 scrolls of remove curse {unknown}
 i - a scroll of teleportation {unknown}
 n - a scroll of noise {unknown}
 o - a scroll of magic mapping {unknown}
 q - a scroll of enchant armour {unknown}
Potions
 j - a potion of might {unknown}
 l - a potion of curing {unknown}
 m - a potion of haste {unknown}
 p - a potion of invisibility {unknown}
Books
 c - a book of Minor Magic

   Spells                             Type                      Level
   a - Magic Dart                     Conjuration                  1
   b - Blink                          Translocation                2
   c - Call Imp                       Summoning                    2
   d - Slow                           Hexes                        2
   e - Conjure Flame                  Conjuration/Fire             3
   f - Mephitic Cloud                 Conjuration/Poison/Air       3
Comestibles
 d - 3 rations


   Skills:
 - Level 1.7 Dodging
 - Level 1.7 Stealth
 - Level 3.0 Spellcasting
 + Level 3.1 Conjurations
   Level 1.0 Summonings
   Level 0.8 Translocations
 + Level 0.0 Fire Magic
 + Level 0.0 Air Magic
 + Level 0.1 Poison Magic


You had one spell level left.
You knew the following spells:

 Your Spells              Type           Power        Failure   Level  Hunger
a - Magic Dart            Conj           ##..         6%          1    None
c - Conjure Flame         Conj/Fire      #.......     34%         3    ###....
e - Mephitic Cloud        Conj/Pois/Air  #.......     38%         3    ###....


Dungeon Overview and Level Annotations

Branches:
Dungeon (3/15)

Altars:


Innate Abilities, Weirdness & Mutations

You have sharp fingernails.
You are partially covered in yellow scales. (AC +2)


Message History

Press: ? - help, Shift-Dir - straight line, f/p - ogre
Aim: an ogre, wielding a giant club (confused)
The magic dart hits the ogre.
The ogre is lightly wounded.
Found a black potion.
Found a stone staircase leading up.
An orc comes into view. It is wielding a short sword.
Casting: Magic Dart
Confirm with . or Enter, or press ? or * to list all spells.
Aiming: Magic Dart
Press: ? - help, Shift-Dir - straight line, f/p - ogre
Aim: an ogre, wielding a giant club (lightly wounded, confused)
The magic dart hits the ogre.
The ogre is moderately wounded.
Unknown command.
Unknown command.
You hit the ogre.
The ogre is moderately wounded.
The ogre hits you with a giant club!!
Ouch! That really hurt!
You die...

!. .# .. .#
#>#. .# #
#.#. ###.##.#
#.#.
....o.##.
#.#.##
#.O?..<..
#....###@#
#..#.....#
#...#####
##.## #.#
##########.#
#......†...##
#.#######...#
#.# #.....#.#


You could see an ogre (confused) and an orc.

Vanquished Creatures
  An adder (D:2)
  A dart slug (D:3)
  A leopard gecko (D:2)
  4 goblins
  4 hobgoblins
  4 kobolds
  2 bats
  2 frilled lizards (D:2)
  2 rats
21 creatures vanquished.

Notes
Turn   | Place    | Note
-------+----------+-------------------------------------------
     0 | D:1      | letownia3 the Demonspawn Wizard began the quest for the Orb.
     0 | D:1      | Reached XP level 1. HP: 13/13 MP: 4/4
   339 | D:1      | Gained mutation: You have sharp fingernails. [demonic ancestry]
   339 | D:1      | Reached XP level 2. HP: 19/19 MP: 0/6
   935 | D:2      | Gained mutation: You are partially covered in yellow scales. (AC +2) [demonic ancestry]
   935 | D:2      | Reached XP level 3. HP: 17/24 MP: 0/7
   940 | D:2      | Learned a level 3 spell: Mephitic Cloud
   944 | D:2      | Learned a level 3 spell: Conjure Flame
  1086 | D:3      | Noticed an ogre
  1095 | D:3      | Slain by an ogre

Skill      XL: |  1  2 |
---------------+-------+-----
Conjurations   | 2 3 |  3.1
Dodging        | |  1.7
Stealth        | |  1.7
Spellcasting   | |  3.0
Summonings     | |  1.0
Translocations | |  0.8
Poison Magic   | |  0.1

Action                   || total
-------------------------++-------
Melee: Unarmed           ||    10
       Dagger            ||    10
 Cast: Magic Dart        ||    52
       Mephitic Cloud    ||     1
 Stab: Sleeping          ||     1
Armor: Leather armour    ||     3
Dodge: Dodged            ||    17
